 Dungeon Crawl Stone Soup version 0.28-a0-1190-g77e1c55843 (webtiles) character file.

Game seed: 6507101594569990156

1026 ChaosChampion the Thaumaturge (level 8, 0/41 HPs)
             Began as a Deep Elf Conjurer on Dec 18, 2021.
             Was an Initiate of Vehumet.
             Slain by a vampire mosquito (9 damage)
             ... on level 6 of the Dungeon.
             The game lasted 00:08:08 (5445 turns).

ChaosChampion the Thaumaturge (Deep Elf Conjurer)   Turns: 5445, Time: 00:08:08

Health: 0/41       AC:  4    Str:  4    XL:     8   Next: 2%
Magic:  8/22       EV: 11    Int: 26    God:    Vehumet [......]
Gold:   214        SH:  0    Dex: 13    Spells: 15/24 levels left

rFire   + . .      SeeInvis .   u - staff of poison
rCold   . . .      Faith    .   (no shield)
rNeg    . . .      Spirit   .   r - +0 leather armour of Xucim {rF+}
rPois   +          Reflect  .   q - +0 helmet
rElec   .          Harm     .   e - scarf {shadows}
rCorr   .          Rampage  .   (no gloves)
Will    .....                   (no boots)
Stlth   ++........              (no amulet)
HPRegen 0.13/turn               (no ring)
MPRegen 0.18/turn               (no ring)

@: no status effects
A: no striking features
a: Renounce Religion


You were on level 6 of the Dungeon.
You worshipped Vehumet.
Vehumet was noncommittal.
You visited 2 branches of the dungeon, and saw 7 of its levels.

You collected 214 gold pieces.

Inventory:

Missiles
 l - 17 poisoned darts (quivered)
Armour
 a - a +0 robe
 e - a scarf of shadows (worn)
 q - a +0 helmet (worn)
 r - the +0 leather armour of Xucim (worn) {rF+}
   (You found it on level 5 of the Dungeon)

   rF:        It protects you from fire.
Magical Staves
 u - a staff of poison (weapon)
Jewellery
 f - an amulet of regeneration
Wands
 j - a wand of iceblast (11)
 m - a wand of charming (5)
 s - a wand of paralysis (9)
Scrolls
 o - a scroll of blinking {unknown}
 t - a scroll of enchant armour {unknown}
Potions
 b - 2 potions of curing
 c - a potion of brilliance {unknown}
 d - 2 potions of lignification
 g - 3 potions of attraction
 h - a potion of haste
 i - 2 potions of invisibility
 k - a potion of ambrosia {unknown}
 n - a potion of berserk rage {unknown}
 p - 2 potions of mutation {unknown}


   Skills:
 - Level 2.4 Dodging
 - Level 2.4 Stealth
 + Level 8.6 Spellcasting
 + Level 7.0 Conjurations
 * Level 5.0 Translocations


You had 15 spell levels left.
You knew the following spells:

 Your Spells              Type           Power      Damage    Failure   Level
a - Magic Dart            Conj           100%       1d8       1%          1
b - Searing Ray           Conj           94%        2d7       1%          2
d - Iskenderun's Mystic   Conj/Tloc      42%        2d10      8%          4
z - Blink                 Tloc           74%        N/A       1%          2

Your spell library contained the following spells:

 Spells                   Type           Power      Damage    Failure   Level
 Apportation              Tloc           74%        N/A       1%          1
 Lesser Beckoning         Tloc           37%        N/A       3%          3
 Dazzling Flash           Conj/Hex       58%        N/A       7%          3
 Mephitic Cloud           Conj/Pois/Air  35%        N/A       11%         3
 Fulminant Prism          Conj/Hex       14%        3d9       22%         4
 Ignite Poison            Fire/Tmut/Pois 16%        N/A       28%         3
 Manifold Assault         Tloc           37%        N/A       32%         5
 Freezing Cloud           Conj/Ice/Air   11%        6-21      69%         5
 Alistair's Intoxication  Tmut/Pois      10%        N/A       95%         5


Dungeon Overview and Level Annotations

Branches:
Dungeon (6/15)             Temple (1/1) D:5

Altars:
Ashenzari
Hepliaklqana
Makhleb
Okawaru
Qazlal
Ru
Sif Muna
Trog
Vehumet
Lugonu

Shops:
D:4 [

Annotations:
D:4 2 transporters, Necrophagist's ghost, amateur DjCj


Message History

The orc warrior barely misses you.
Casting: Searing Ray (safe; 1% risk of failure)
Confirm with . or Enter, or press ? or * to list all spells.
Restarting spell: Searing Ray (safe; 1% risk of failure)
Press: ? - help, Shift-Dir - straight line, f/p - orc warrior
Aim: an orc warrior, wielding a +0 mace and wearing a +0 chain mail (moderately wounded, 80% to hit)
The searing ray hits the orc warrior.
The orc warrior is heavily wounded. (Press . to maintain the ray.)
The orc warrior closely misses you.
The searing ray hits the orc warrior.
The orc warrior is severely wounded.
The orc warrior completely misses you.
Casting: Searing Ray (safe; 1% risk of failure)
Confirm with . or Enter, or press ? or * to list all spells.
Restarting spell: Searing Ray (safe; 1% risk of failure)
Press: ? - help, Shift-Dir - straight line, f/p - orc warrior
Aim: an orc warrior, wielding a +0 mace and wearing a +0 chain mail (severely wounded, 80% to hit)
The searing ray hits the orc warrior.
The orc warrior is severely wounded. (Press . to maintain the ray.)
The orc warrior closely misses you.
The searing ray hits the orc warrior.
The orc warrior is severely wounded.
The orc warrior hits you with a +0 mace!
Casting: Searing Ray (safe; 1% risk of failure)
Confirm with . or Enter, or press ? or * to list all spells.
The spell is quite dangerous to miscast (8% risk of failure)!
Continue anyway?
Okay, then.
Casting: Iskenderun's Mystic Blast (quite dangerous; 8% risk of failure)
Confirm with . or Enter, or press ? or * to list all spells.
The spell is quite dangerous to miscast (8% risk of failure)!
Continue anyway?
You erupt in a blast of force!
The mystic blast hits the orc warrior.
The orc warrior is almost dead.
You hear a shout!
The orc warrior hits you with a +0 mace.
* * * LOW HITPOINT WARNING * * *
The vampire mosquito closely misses you.
The vampire mosquito bites you!
You die...

#........# .#
#......##
#......# #.....##
.. ##....# .#
##....##### .#
#.........###.##
#.........###...#
........@####^#.#
.##....#.y.##...#
##.#.#.#.#..#.#
....###..o.##y#
....# ###### .#
.. # .# .# .#


You could see an orc warrior and a vampire mosquito.

Vanquished Creatures
  3 ogres
  2 phantoms (D:5)
  2 scorpions
  A wyvern skeleton (D:5)
  A hound (D:4)
  A jelly (D:5)
  An orc priest (D:4)
  A gnoll shaman (D:5)
  An iguana (D:4)
  An orc wizard (D:5)
  Robin (D:2)
  A howler monkey zombie (D:5)
  8 gnolls (D:5)
  8 adders
  A shadow imp (D:5)
  A worm (D:3)
  7 orcs
  8 endoplasms
  11 goblins
  12 hobgoblins
  3 quokkas (D:1)
  8 ball pythons
  6 bats
  5 frilled lizards
  8 kobolds
  2 rats (D:3)
104 creatures vanquished.

Vanquished Creatures (others)
  6 plants (D:4)
6 creatures vanquished.

Grand Total: 110 creatures vanquished

Notes
Turn   | Place    | Note
-------+----------+-------------------------------------------
     0 | D:1      | ChaosChampion the Deep Elf Conjurer began the quest for the
                  | Orb.
     0 | D:1      | Reached XP level 1. HP: 10/10 MP: 6/6
   177 | D:1      | Reached XP level 2. HP: 15/15 MP: 6/8
   222 | D:1      | Found a faded altar of an unknown god.
   439 | D:1      | Reached skill level 4 in Spellcasting
  1061 | D:2      | Noticed Robin
  1067 | D:1      | Learned a level 2 spell: Searing Ray
  1071 | D:2      | Reached XP level 3. HP: 15/19 MP: 5/10
  1072 | D:2      | Killed Robin
  1415 | D:2      | Reached skill level 5 in Spellcasting
  1415 | D:2      | Reached skill level 5 in Conjurations
  1539 | D:2      | Reached XP level 4. HP: 24/24 MP: 10/13
  1987 | D:2      | Found a stormy altar of Qazlal.
  2258 | D:3      | Found a burning altar of Makhleb.
  2394 | D:3      | Noticed an ogre
  2399 | D:3      | Killed an ogre
  2400 | D:3      | Reached skill level 6 in Spellcasting
  2400 | D:3      | Reached XP level 5. HP: 28/28 MP: 7/15
  2403 | D:3      | Learned a level 2 spell: Blink
  2408 | D:3      | Learned a level 4 spell: Iskenderun's Mystic Blast
  3211 | D:3      | Found an iron altar of Okawaru.
  3471 | D:4      | Noticed an ogre
  3475 | D:4      | Killed an ogre
  3476 | D:4      | Reached skill level 7 in Spellcasting
  3476 | D:4      | Reached XP level 6. HP: 32/32 MP: 12/18
  3526 | D:4      | Found a transporter.
  3660 | D:4      | Reached skill level 1 in Translocations
  3949 | D:4      | Identified the +3 ring mail "Masaodwykk" {Int+2 Dex+4}
  3949 | D:4      | Identified the +0 buckler "Cuixo" {Stlth+}
  4051 | D:4      | Noticed Necrophagist's ghost (amateur DjCj)
  4070 | D:4      | Found Joihokiu's Armour Boutique.
  4183 | D:4      | Found a transporter.
  4218 | D:5      | Entered Level 5 of the Dungeon
  4479 | D:5      | Reached XP level 7. HP: 34/36 MP: 10/20
  4587 | D:5      | Reached skill level 8 in Spellcasting
  4740 | D:5      | Identified the +0 leather armour of Xucim {rF+}
  4828 | D:5      | Found a staircase to the Ecumenical Temple.
  4842 | Temple   | Entered the Ecumenical Temple
  4858 | Temple   | Became a worshipper of Vehumet
  5293 | D:5      | Reached skill level 5 in Translocations
  5293 | D:5      | Reached XP level 8. HP: 37/41 MP: 16/22
  5445 | D:6      | Slain by a vampire mosquito

Illustrated notes

Levels and vault maps discovered:
D:1:      lemuel_arrival_muddy, layout_basic, ebering_ecumenical_altar_box,
          serial_corexii_hall, corexii_hall_statues_x, corexii_hall_statues_l,
          chequers_hall_statues_y, corexii_hall_statues_l,
          minmay_misc_feat_more_columns
D:2:      layout_basic, basic_altar, uniq_robin
D:3:      layout_loops_corners, lemuel_doored_altar, marbit_many_paths
D:4:      layout_basic, gammafunk_ghost_gnarly_gnolls, serial_shops,
          kennysheep_mini, serial_bayou_pond_d
D:5:      layout_cave_pools, minmay_temple_entry_poolview,
          cheibrodos_sewer_entry_sluice
D:6:      cheibrodos_steamvent, layout_layer_cave, kennysheep_slug_shrine,
          minmay_manual_monstrance, uniq_eustachio
Temple:   corrupted_temple

Skill      XL: |  1  2  3  4  5  6  7 |
---------------+----------------------+-----
Spellcasting   | 4 5 6 7 8 |  8.6
Conjurations   | 5 6 7 |  7.0
Translocations | 3 5 |  5.0
Dodging        | |  2.4
Stealth        | |  2.4

Action                   |  1- 3 |  4- 6 |  7- 9 || total
-------------------------+-------+-------+-------++-------
Melee: Unarmed           |       |     6 |       ||     6
 Cast: Magic Dart        |    54 |    81 |    10 ||   145
       Searing Ray       |     5 |    20 |    26 ||    51
       Iskenderun's Myst |       |       |     2 ||     2
  Use: Scroll            |       |     7 |     1 ||     8
Armor: Robe              |     1 |     8 |       ||     9
       Leather armour    |       |       |     1 ||     1
Dodge: Dodged            |    13 |    21 |    17 ||    51

Table legend: (Time is in decaauts)
 A = Elapsed time spent in this place.
 B = Non-inter-level travel time spent in this place.
 C = Inter-level travel time spent in this place.
 D = Time resting spent in this place.
 E = Time spent auto-exploring this place.
 F = Levels seen in this place.
 G = Mean time per level.
                   A        B        C        D        E       F      G
               +--------+--------+--------+--------+--------+-----+--------+
         Total |   5453 |   5369 |     84 |    119 |   4433 |   7 |  779.0 |
       Dungeon |   5401 |   5317 |     84 |    119 |   4433 |   6 |  900.2 |
        Temple |     52 |     52 |      0 |      0 |      0 |   1 |   52.0 |
               +--------+--------+--------+--------+--------+-----+--------+

Top non-repeatable levels by time:
     D:1: 1189 daAuts
     D:3: 1178 daAuts
     D:4: 1031 daAuts
     D:5: 1018 daAuts
     D:2: 945 daAuts
  Temple: 52 daAuts
     D:6: 37 daAuts
